 Dungeon Crawl Stone Soup version 0.29.1-14-g9c671dbff4 (webtiles) character file.

Game seed: 5632142959977106831

1 H0rd4k the Charlatan (level 1, 0/13 HPs)
             Began as an Octopode Artificer on Feb 15, 2023.
             Slain by an endoplasm (3 damage)
             ... on level 1 of the Dungeon.
             The game lasted 00:00:12 (18 turns).

H0rd4k the Charlatan (Octopode Artificer)             Turns: 18, Time: 00:00:13

Health: 0/13       AC:  1    Str: 11    XL:     1   Next: 20%
Magic:  1/1        EV: 13    Int: 13    God:
Gold:   0          SH:  0    Dex: 12    Spells: 0/0 levels left

rFire   . . .      SeeInvis .   (no weapon)
rCold   . . .      Faith    .   (no shield)
rNeg    . . .      Spirit   .   (helmet restricted)
rPois   .          Reflect  .   (no amulet)
rElec   .          Harm     .   (no ring)
rCorr   .          Rampage  .   (no ring)
Will    .....                   (no ring)
Stlth   +++.......              (no ring)
HPRegen 0.04/turn               (no ring)
MPRegen 0.07/turn               (no ring)
                                (no ring)
                                (no ring)

@: no status effects
A: almost no armour, amphibious, 8 rings, camouflage 1, gelatinous body 1,
(nimble swimmer 1), tentacles
a: no special abilities


You were on level 1 of the Dungeon.
You visited 1 branch of the dungeon, and saw 1 of its levels.

Inventory:

Wands
 b - a wand of flame (15) (quivered)
 c - a wand of charming (15)
 d - a wand of iceblast (5)


   Skills:
 * Level 1.2 Fighting
 - Level 2.3 Dodging
 - Level 1.3 Stealth
 - Level 3.2 Evocations


You couldn't memorise any spells.
You didn't know any spells.
Your spell library was empty.

Dungeon Overview and Level Annotations

Branches:
Dungeon (1/15)

Altars:


Innate Abilities, Weirdness & Mutations

You cannot wear most types of armour.
You are amphibious.
You can wear up to eight rings at the same time.
Your skin changes colour to match your surroundings (Stealth+).
Your rubbery body absorbs attacks. (AC +1, EV +1)
((You are camouflaged when in or above water. (Stealth+)))
You have tentacles for arms and can constrict up to eight enemies at once.


Message History

The goblin moves out of view.
Found 19 gold pieces.
There are monsters nearby!
There are monsters nearby!
There is an open door here.
An endoplasm comes into view.
Found a coppery potion.
You barely miss the bat. Your grab misses the bat. The bat misses you.
The bat hits you but does no damage.
A rat comes into view.
The bat hits you but does no damage. x2; The goblin closely misses you.
You tentacle-slap the goblin. Your grab misses the goblin.
The goblin is severely wounded.
The bat misses you. The goblin hits you with a +0 club.
You tentacle-slap the goblin.
You kill the goblin!
The bat barely misses you. The bat hits you but does no damage.
The dart slug launches a dart at you. The slug dart hits you.
You are too injured to fight recklessly!
You are too injured to fight recklessly!
You are too injured to fight recklessly!
There are monsters nearby!
You are too injured to fight recklessly!
There are monsters nearby!
You are too injured to fight recklessly!
There are monsters nearby!
Unknown command.
The bat attacks as you move away! The bat misses you.
The bat barely misses you. The bat hits you but does no damage.
The endoplasm barely misses you.
You tentacle-slap the endoplasm but do no damage.
The dart slug completely misses you. The endoplasm freezes you.
You are frozen.
* * * LOW HITPOINT WARNING * * *
You tentacle-slap the endoplasm.
The endoplasm is heavily wounded.
The endoplasm hits you.
You die...

! .. ##+## . #.##
#...# .## .....
#...#####.# .....
#...#.≈≈#.# ......
#...#.~~#.##....#
#...#..~#.#w.r.#
+.<.'..~'@Jb#
#...#..~#.#.......
#...#.~≈#.###..###
#...#.~≈#.# ...#
#...#####.# #..
#...# .## . ##+##
. .


You could see a dart slug, an endoplasm, a bat and a rat.

Vanquished Creatures
  A goblin (D:1)
1 creature vanquished.

Notes
Turn   | Place    | Note
-------+----------+-------------------------------------------
     0 | D:1      | H0rd4k the Octopode Artificer began the quest for the Orb.
     0 | D:1      | Reached XP level 1. HP: 13/13 MP: 1/1
    18 | D:1      | Slain by an endoplasm

Illustrated notes

Levels and vault maps discovered:
D:1:      dpeg_arrival_yet_another_circle, layout_rooms,
          shapermc_ecumenical_altar_petra, serial_shops, nicolae_shop_trees,
          chequers_serial_rivers_small_a

Action                   || total
-------------------------++-------
Melee: Unarmed           ||     5
Armor: Skin              ||     5
Dodge: Dodged            ||     8
